 Dungeon Crawl Stone Soup version 0.31-a0-728-g01b46875f1 (webtiles) character file.

Game seed: 16989487181534528126

14609 dialectric the Basher (level 11, -1/92 HPs)
             Began as a Demonspawn Berserker on Sept 11, 2023.
             Was a High Priest of Trog.
             Slain by a vampire (2 damage)
             ... on level 11 of the Dungeon on Sept 12, 2023.
             The game lasted 00:20:32 (11772 turns).

dialectric the Basher (Demonspawn Berserker)       Turns: 11772, Time: 00:20:34

Health: -1/92      AC: 15    Str: 18 (20) XL:     11   Next: 91%
Magic:  11/11      EV: 14    Int:  5 (7)  God:    Trog [*****.]
Gold:   917        SH:  5    Dex: 19 (20) Spells: 10/10 levels left

rFire   . . .        V - +2 whip (freeze)
rCold   x . .        (no shield)
rNeg    . . .        d - +3 scale mail of Pantheism {Harm rC- Regen+ Dex+2}
rPois   .            D - +0 helmet
rElec   .            (no cloak)
rCorr   +            g - +1 pair of gloves
SInv    .            (no boots)
Will    .....        J - amulet of reflection
Stlth   +            C - ring of flight
HPRegen 1.15/turn    F - ring of resist corrosion
MPRegen 0.12/turn

%: harm (+30% outgoing, +20% incoming), reflection
@: flying
A: molten scales 2, powered by pain 2, spiny 2, demonic touch 1, agile 1,
mutation resistance 1
a: Renounce Religion, Berserk, Trog's Hand, Brothers in Arms


You were on level 11 of the Dungeon.
You worshipped Trog.
Trog was extremely pleased with you.
You visited 1 branch of the dungeon, and saw 13 of its levels.
You also visited: Sewer.

You collected 917 gold pieces.

Inventory:

Hand Weapons
 G - a +3 trident
 L - a +1 whip of freezing
 R - a +1 whip of draining
 V - a +2 whip of freezing (weapon)
Missiles
 S - 2 throwing nets
 X - 2 poisoned darts
Armour
 a - a +0 troll leather armour
 d - the +3 scale mail of Pantheism (worn) {Harm rC- Regen+ Dex+2}
   (You found it on level 13 of the Dungeon)

   Dex+2:     It affects your dexterity (+2).
   rC-:       It makes you vulnerable to cold.
   Regen+:    It increases your rate of health regeneration.
   Harm:      It increases damage dealt and taken.
 g - a +1 pair of gloves (worn)
 x - a +0 plate armour
 D - a +0 helmet (worn)
 U - +0 steam dragon scales
Jewellery
 o - a ring of magical power
 C - a ring of flight (left hand)
 F - a ring of resist corrosion (right hand)
 J - an amulet of reflection (around neck)
 P - a ring of willpower
 W - the ring "Umasetyi" {Fly Int+4}
   (You found it on level 11 of the Dungeon)

   [ring of flight]

   Int+4:     It affects your intelligence (+4).
   Fly:       It grants you flight.
Talismans
 M - a blade talisman
Wands
 H - a wand of flame (25)
 Q - a wand of paralysis (24)
 T - a wand of light (16)
Scrolls
 b - a scroll of amnesia
 c - 5 scrolls of teleportation
 e - a scroll of vulnerability
 h - 3 scrolls of fear {unknown}
 k - a scroll of silence {unknown}
 p - 3 scrolls of blinking
 t - a scroll of butterflies {unknown}
 y - 3 scrolls of poison {unknown}
 B - 3 scrolls of immolation
 E - 2 scrolls of enchant weapon {unknown}
 I - a scroll of revelation {unknown}
 K - a scroll of fog {unknown}
 N - a scroll of enchant armour {unknown}
 O - 5 scrolls of identify
Potions
 f - 4 potions of haste
 i - a potion of magic {unknown}
 j - 2 potions of degeneration
 l - 3 potions of attraction
 m - 2 potions of ambrosia {unknown}
 n - a potion of mutation
 q - 6 potions of brilliance
 r - a potion of lignification
 u - 2 potions of invisibility {unknown}
 v - 2 potions of might {unknown}
 w - a potion of resistance {unknown}
 z - a potion of cancellation {unknown}
 A - a potion of berserk rage {unknown}


   Skills:
 + Level 10.8 Fighting
 - Level 12.0 Maces & Flails
 + Level 2.2 Armour
 + Level 8.8 Dodging
 - Level 1.0 Stealth
 + Level 2.8 Shields
 + Level 2.4 Evocations


You had 10 spell levels left.
You didn't know any spells.
Your spell library was empty.

Dungeon Overview and Level Annotations

Branches:
Dungeon (13/15)            Temple (0/1) D:6            Lair (0/5) D:10
    Orc (0/2) D:11          Sewer (visited)
 Vaults: D:13-14

Altars:
Makhleb
Okawaru
Vehumet
Xom
Yredelemnul


Innate Abilities, Weirdness & Mutations

You are mostly covered in molten scales. (AC +3)
You sometimes gain power by taking damage.
You are mostly covered in sharp spines.
Your touch may inflict minor irresistible damage on your foes.
You are agile. (Dex +4, Str/Int -1)
You are somewhat resistant to further mutation.


Message History

Something draws strength from your injuries!
Something hits you but does no damage. Something bites you!
Something draws strength from your injuries!
You block something's attack. Something bites you but does no damage.
Something hits you but does no damage. Something bites you but does no damage.
Something hits you. Something bites you!
* * * LOW HITPOINT WARNING * * *
Something draws strength from your injuries!
Something hits you but does no damage. Something bites you.
* * * LOW HITPOINT WARNING * * *
Something draws strength from your injuries!
Your transformation is almost over.
Something hits you.
* * * LOW HITPOINT WARNING * * *
Something bites you but does no damage.
You hear some strange, mumbled words.
Something tries to affect you, but you resist.
You block something's attack. Something bites you but does no damage.
Something hits you but does no damage. Something bites you!
* * * LOW HITPOINT WARNING * * *
Something draws strength from your injuries!
Something hits you but does no damage. Something bites you.
* * * LOW HITPOINT WARNING * * *
Something draws strength from your injuries!
Something hits you.
* * * LOW HITPOINT WARNING * * *
Something bites you but does no damage. Something hits you but does no damage.
Something bites you but does no damage. Something hits you but does no damage.
Something bites you but does no damage. Something hits you but does no damage.
Something bites you!
* * * LOW HITPOINT WARNING * * *
Something draws strength from your injuries!
You feel less wooden.
Your +0 helmet unmelds from your body.
Your +1 pair of gloves unmelds from your body.
The +3 scale mail of Pantheism {Harm rC- Regen+ Dex+2} unmelds from your body.
Something hits you.
* * * LOW HITPOINT WARNING * * *
Something bites you.
You die...

###.# ##.....##
#.#.###.###.## #.#
##...##
#...........## #.#
##'## #.#####.######
#.# #.# #.# #.# #.#
#.# #.# ###
####.#######.# ###.#
#............# #.'.#
#.#####.##...####.###
#.# #.###..##@{{#?#
#.# #.###..####'#'#'#
#.# #......# #.....#
#.#####.###..#
#'###'# #.......#
#..##$'.#
###.#######..####V#
#..........# #.#
##########.# #.#
#####...# '.'


There were no monsters in sight!

Vanquished Creatures
  Snorg (D:11)
  A two-headed ogre (D:11)
  A deep elf pyromancer (D:13)
  Pikel (D:8)
  A cyclops (D:12)
  An unseen horror (D:11)
  A rime drake (D:10)
  A kobold demonologist (D:10)
  Psyche (D:8)
  An efreet (D:8)
  3 trolls
  2 polar bears (D:10)
  2 shadows (D:11)
  5 vampires
  19 yaks
  A wraith (D:11)
  5 wyverns
  4 steam dragons
  3 vampire mosquitoes (D:11)
  An acid dragon (D:11)
  A water moccasin (D:6)
  3 orc warriors
  4 ice beasts
  2 black bears
  A wolf (D:10)
  10 centaurs
  A lemure (D:8)
  2 phantoms (D:5)
  2 kobold brigands (D:8)
  4 bullfrogs
  A gnoll sergeant (D:8)
  10 wights
  2 howler monkeys
  5 jellies
  A gnoll bouda (D:7)
  2 hounds
  5 orc priests
  4 iguanas
  11 orc wizards
  10 gnolls
  4 adders
  A river rat (Sewer)
  3 white imps (D:7)
  An ufetubus (D:4)
  2 worms (D:3)
  3 dart slugs
  25 orcs
  10 ball pythons
  6 bats
  8 endoplasms
  3 giant cockroaches
  7 goblins
  9 hobgoblins
  11 jackals
  7 quokkas
  10 frilled lizards
  5 kobolds
  13 rats
264 creatures vanquished.

Vanquished Creatures (collateral kills)
  A gnoll sergeant (D:8)
  An orc wizard (D:8)
  An orc (D:8)
3 creatures vanquished.

Vanquished Creatures (others)
  2 electric eels (D:12)
2 creatures vanquished.

Grand Total: 269 creatures vanquished

Notes
Turn   | Place    | Note
-------+----------+-------------------------------------------
     0 | D:1      | dialectric the Demonspawn Berserker began the quest for the
                  | Orb.
     0 | D:1      | Reached XP level 1. HP: 18/18 MP: 1/1
    79 | D:1      | Gained mutation: You are partially covered in molten
                  | scales. (AC +2) [demonic ancestry]
    79 | D:1      | Reached XP level 2. HP: 22/24 MP: 2/2
   246 | D:1      | Reached skill level 3 in Maces & Flails
   479 | D:1      | Gained mutation: You are mostly covered in molten scales.
                  | (AC +3) [demonic ancestry]
   479 | D:1      | Reached XP level 3. HP: 28/29 MP: 3/3
   522 | D:1      | Reached ** piety under Trog
  1315 | D:3      | Found a shimmering altar of Xom.
  1741 | D:3      | Reached XP level 4. HP: 34/35 MP: 4/4
  1763 | D:3      | Found a glowing drain.
  1783 | Sewer    | Entered a sewer
  1810 | Sewer    | Reached skill level 1 in Stealth
  1911 | Sewer    | Reached *** piety under Trog
  2249 | D:3      | Found a basalt altar of Yredelemnul.
  2908 | D:4      | Reached skill level 4 in Maces & Flails
  2947 | D:4      | Gained mutation: Your touch may inflict minor irresistible
                  | damage on your foes. [demonic ancestry]
  2947 | D:4      | Reached XP level 5. HP: 23/42 MP: 5/5
  3557 | D:5      | Entered Level 5 of the Dungeon
  3806 | D:5      | Found a radiant altar of Vehumet.
  3813 | D:5      | Noticed a phantom
  3825 | D:5      | Killed a phantom
  3826 | D:5      | Reached skill level 5 in Maces & Flails
  3826 | D:5      | Gained mutation: You are partially covered in sharp spines.
                  | [demonic ancestry]
  3826 | D:5      | Reached XP level 6. HP: 47/48 MP: 6/6
  4265 | D:5      | Gained mutation: You sometimes gain a little power by
                  | taking damage. [demonic ancestry]
  4265 | D:5      | Reached XP level 7. HP: 48/55 MP: 7/7
  4451 | D:6      | Reached skill level 6 in Maces & Flails
  4661 | D:5      | Reached skill level 7 in Maces & Flails
  4661 | D:5      | Reached XP level 8. HP: 37/61 MP: 8/8
  4810 | D:6      | Found a staircase to the Ecumenical Temple.
  4870 | D:6      | Reached skill level 5 in Fighting
  5243 | D:7      | You fall into a shaft and drop 1 floor!
  5311 | D:8      | Noticed Psyche
  5319 | D:8      | Killed Psyche
  5482 | D:8      | Noticed Pikel
  5748 | D:9      | Reached skill level 5 in Dodging
  5769 | D:9      | Reached **** piety under Trog
  5921 | D:9      | Gained mutation: You sometimes gain power by taking damage.
                  | [demonic ancestry]
  5921 | D:9      | Reached XP level 9. HP: 73/73 MP: 9/9
  5939 | D:9      | Found a burning altar of Makhleb.
  5941 | D:9      | Noticed a troll
  5951 | D:9      | Killed a troll
  5958 | D:9      | Reached skill level 1 in Shields
  6269 | D:9      | Noticed a troll
  6279 | D:9      | Killed a troll
  6906 | D:9      | Found an iron altar of Okawaru.
  6997 | D:10     | Entered Level 10 of the Dungeon
  7096 | D:10     | Noticed a kobold demonologist
  7100 | D:10     | Killed a kobold demonologist
  7101 | D:10     | Reached skill level 10 in Fighting
  7101 | D:10     | Reached XP level 10. HP: 85/85 MP: 10/10
  8186 | D:8      | Reached ***** piety under Trog
  8634 | D:8      | Reached skill level 8 in Maces & Flails
  8809 | D:8      | Gained mutation: You are agile. (Dex +4, Str/Int -1)
                  | [potion of mutation]
  8809 | D:8      | Gained mutation: You are somewhat resistant to further
                  | mutation. [potion of mutation]
  9140 | D:8      | Reached skill level 9 in Maces & Flails
  9274 | D:8      | Killed Pikel
  9728 | D:10     | Found a staircase to the Lair.
  9735 | D:10     | Reached skill level 10 in Maces & Flails
  9735 | D:10     | Gained mutation: You are mostly covered in sharp spines.
                  | [demonic ancestry]
  9735 | D:10     | Reached XP level 11. HP: 83/92 MP: 11/11
  9783 | D:10     | Reached skill level 1 in Evocations
 10574 | D:11     | Reached skill level 11 in Maces & Flails
 10622 | D:11     | Noticed Snorg
 10633 | D:11     | Killed Snorg
 10821 | D:13     | Noticed a deep elf pyromancer
 10832 | D:13     | Killed a deep elf pyromancer
 10851 | D:13     | Identified the +3 scale mail of Pantheism {Harm rC- Regen+
                  | Dex+2}
 11198 | D:11     | Reached skill level 12 in Maces & Flails
 11425 | D:11     | Found a staircase to the Orcish Mines.
 11440 | D:11     | Identified the ring "Umasetyi" {Fly Int+4}
 11546 | D:11     | Noticed a two-headed ogre
 11555 | D:11     | Killed a two-headed ogre
 11771 | D:11     | HP: 5/138 [something (7)]
 11772 | D:11     | HP: 1/92 [something (3)]
 11772 | D:11     | Slain by a vampire

Illustrated notes

Levels and vault maps discovered:
D:1:      arrival_zaba_pyramid, layout_basic
D:2:      kennysheep_big_flooded_room, layout_loops_ring, basic_altar
D:3:      layout_loops_corners, mainiacjoe_overflow_cross_hatched,
          amcnicky_altar_gilded, gup_sewer_entry_pipe
D:4:      layout_gridville, kennysheep_mini_moat, minmay_between
D:5:      layout_cave_pods, mainiacjoe_overflow_chevrons
D:6:      layout_basic, lemuel_temple_firewalk_b, dk_vineyard_2
D:7:      layout_basic, corexii_hall_statues_x
D:8:      minmay_quarter_circles, layout_loops_ring, uniq_pikel, uniq_psyche
D:9:      layout_cave_pods, okawaru_altar_gauntlet_db, bloody_makhleb
D:10:     layout_roguey, hellmonk_lair_entry_icy, dk_noncrumbling_4
D:11:     layout_loops_corners, orc_0_dummy, nrook_mini_vaults,
          nicolae_nh_vlads_tower, uniq_snorg
D:12:     layout_gridville, lemuel_freeze_loot_1
D:13:     layout_cave_pools, grunt_vaults_entry_fortified,
          ebering_ghost_disaster_area

Skill      XL: |  1  2  3  4  5  6  7  8  9 10 11 |
---------------+----------------------------------+-----
Dodging        | 2 3 4 5 7 8 |  8.8
Maces & Flails | 3 4 5 7 10 12 | 12.0
Stealth        | 1 |  1.0
Armour         | 2 |  2.2
Fighting       | 4 7 10 | 10.8
Shields        | 2 |  2.8
Evocations     | 2 |  2.4

Action                     |  1- 3 |  4- 6 |  7- 9 | 10-12 || total
---------------------------+-------+-------+-------+-------++-------
  Melee: Mace              |   157 |   203 |    75 |       ||   435
         Touch             |       |    10 |    31 |   102 ||   143
         Punch             |       |     1 |     1 |     5 ||     7
         Whip              |       |       |    77 |   392 ||   469
 Invoke: Berserk           |       |     2 |     8 |     8 ||    18
         Brothers in Arms  |       |       |       |     2 ||     2
  Evoke: Wand              |       |       |       |    15 ||    15
    Use: Scroll            |       |     1 |     4 |     6 ||    11
         Potion            |       |       |     4 |     4 ||     8
   Stab: Sleeping          |     2 |     9 |       |     2 ||    13
         Distracted        |     1 |       |       |       ||     1
         Invisible         |       |       |       |     5 ||     5
 Armour: Animal skin       |    79 |   147 |   110 |    39 ||   375
         Steam dragon scal |       |       |       |   132 ||   132
         Skin              |       |       |       |    60 ||    60
         Scale mail        |       |       |       |    26 ||    26
  Dodge: Dodged            |   108 |   144 |   110 |   223 ||   585
  Block: Other             |       |       |    22 |    69 ||    91
         Reflection        |       |       |     2 |     6 ||     8

Table legend: (Time is in decaauts)
 A = Elapsed time spent in this place.
 B = Non-inter-level travel time spent in this place.
 C = Inter-level travel time spent in this place.
 D = Time resting spent in this place.
 E = Time spent auto-exploring this place.
 F = Levels seen in this place.
 G = Mean time per level.
                   A        B        C        D        E       F      G
               +--------+--------+--------+--------+--------+-----+--------+
         Total |  11894 |  11256 |    638 |    486 |   7956 |  14 |  849.6 |
       Dungeon |  11465 |  10827 |    638 |    486 |   7701 |  13 |  881.9 |
         Sewer |    428 |    428 |      0 |      0 |    255 |   1 |  428.0 |
               +--------+--------+--------+--------+--------+-----+--------+

Top non-repeatable levels by time:
     D:8: 1722 daAuts
     D:9: 1295 daAuts
     D:3: 1185 daAuts
    D:11: 1094 daAuts
    D:10: 1066 daAuts
     D:7: 1005 daAuts
     D:5: 836 daAuts
     D:6: 829 daAuts
     D:1: 827 daAuts
     D:4: 737 daAuts
     D:2: 519 daAuts
   Sewer: 428 daAuts
    D:12: 286 daAuts
    D:13: 58 daAuts
